 Dungeon Crawl Stone Soup version 0.20.1-1-g8b1a95d (webtiles) character file.

1836 boomboom the Cleaver (level 9, -3/77 (78) HPs)
             Began as a Hill Orc Fighter on Nov 30, 2017.
             Was an Initiate of Okawaru.
             Slain by a troll (10 damage)
             ... on level 9 of the Dungeon.
             The game lasted 00:39:40 (4696 turns).

boomboom the Cleaver (Hill Orc Fighter)             Turns: 4696, Time: 00:39:41

HP:   -3/77 (78)    AC: 15    Str: 20    XL:     9   Next: 11%
MP:   9/9           EV:  7    Int:  8    God:    Okawaru [......]
Gold: 151           SH:  0    Dex: 12    Spells: 8/8 levels left

rFire    . . .     SeeInvis .   o - +1 dagger (flame)
rCold    + . .     Gourm    .   (no shield)
rNeg     . . .     Faith    .   K - +0 plate armour
rPois    +         Spirit   .   (no helmet)
rElec    .         Reflect  .   (no cloak)
rCorr    .         Harm     .   g - +0 pair of gloves
MR       .....                  m - +0 pair of boots
Stlth    ..........             (no amulet)
Regen    0.3/turn               f - ring of protection from cold
MPRegen  0.2/turn               A - ring of poison resistance

@: about to teleport
A: no striking features
a: Renounce Religion


You were on level 9 of the Dungeon.
You worshipped Okawaru.
Okawaru was noncommittal.
You were not hungry.

You visited 1 branch of the dungeon, and saw 9 of its levels.
You also visited: Ossuary.

You collected 151 gold pieces.

Inventory:

Hand Weapons
 i - a +0 hunting sling
 o - a +1 dagger of flaming (weapon)
 J - a +4 hand axe
 L - a +3 dagger of speed
 N - a +0 hunting sling
 O - a +1 quarterstaff of protection
Missiles
 h - 23 bolts
 j - 9 poisoned needles
 n - 7 tomahawks (quivered)
Armour
 g - a +0 pair of gloves (worn)
 m - a +0 pair of boots (worn)
 K - a +0 plate armour (worn)
Jewellery
 f - a ring of protection from cold (left hand)
 A - a ring of poison resistance (right hand)
Wands
 M - a wand of iceblast (15/15)
Scrolls
 b - a scroll of enchant armour {unknown}
 k - 2 scrolls of identify
 r - a scroll of fog
 u - a scroll of fear
 y - 2 scrolls of teleportation
 z - a scroll of noise
 D - a scroll of recharging
 G - a scroll of magic mapping
 H - 3 scrolls of amnesia
 P - a scroll of silence {unknown}
Potions
 d - 2 potions of agility
 q - 2 potions of lignification {unknown}
 s - a potion of flight
 t - 2 potions of heal wounds {unknown}
 v - 3 potions of curing
 w - 2 potions of haste {unknown}
 C - a potion of berserk rage
Comestibles
 a - a chunk of flesh


   Skills:
 + Level 6.5 Fighting
 + Level 10.2 Axes
 + Level 6.1 Armour
 + Level 1.7 Dodging
 + Level 0.1 Stealth
   Level 6.3 Shields


You had 8 spell levels left.
You didn't know any spells.

Dungeon Overview and Level Annotations

Branches:
Dungeon (9/15)               Lair (0/6) D:8
 Temple: D:4-7          Orc: D:9-12

Altars:
Cheibriados
Fedhas
Gozag
Nemelex Xobeh
Okawaru
Trog
Zin


Message History

The troll bites you! The troll barely misses you. x2
You hit the troll but do no damage.
The troll is lightly wounded.
The troll bites you but does no damage. The troll claws you!
The troll barely misses you.
You hit the troll. You burn the troll.
The troll is moderately wounded.
The troll bites you!
* * * LOW HITPOINT WARNING * * *
The troll claws you!
* * * LOW HITPOINT WARNING * * *
The troll completely misses you.
As you read the scroll of teleportation, it crumbles to dust.
You feel strangely unstable. The troll bites you but does no damage.
The troll claws you but does no damage. The troll claws you.
* * * LOW HITPOINT WARNING * * *
You barely miss the troll.
The troll is lightly wounded.
The troll barely misses you. The troll claws you!
You die...

####........##.....<...
#..............##...#.#
#..............##...# .
#............>........
#....###...............
###### #......#...#....
#..........#....
#########..........#....
......T@...........#
.....$.............#
....................#
.........#####+#....#
.........# .##.#
.......... .. ..
########.. # #...


You could see a troll.

Vanquished Creatures
  Joseph (D:7)
  Grinder (D:5)
  An orc warrior (D:7)
  An ice beast (D:6)
  A necrophage (D:7)
  A centaur (D:7)
  A bullfrog (D:6)
  6 scorpions (Ossuary)
  A howler monkey (D:7)
  A centaur zombie (Ossuary)
  A crimson imp (D:7)
  3 hounds
  An orc wizard (D:7)
  Jessica (D:2)
  An iguana (D:4)
  3 worker ants
  A big kobold zombie (Ossuary)
  3 mummies (Ossuary)
  A gnoll (D:6)
  5 adders
  6 scorpion zombies (Ossuary)
  2 shadow imps
  An ooze (D:1)
  4 worms
  2 dart slugs
  11 orcs
  7 bats
  4 giant cockroaches
  4 goblins
  10 hobgoblins
  4 jackals (D:5)
  6 kobolds
  A quokka (D:2)
  3 ball pythons
  2 frilled lizards
  2 gnoll zombies (Ossuary)
  2 goblin zombies (Ossuary)
  A hobgoblin zombie (Ossuary)
  2 kobold zombies (Ossuary)
  A leopard gecko zombie (D:6)
  2 orc zombies (Ossuary)
  3 rats
115 creatures vanquished.

Vanquished Creatures (others)
  A goblin zombie (Ossuary)
1 creature vanquished.

Grand Total: 116 creatures vanquished

Notes
Turn   | Place    | Note
-------+----------+-------------------------------------------
     0 | D:1      | boomboom the Hill Orc Fighter began the quest for the Orb.
     0 | D:1      | Reached XP level 1. HP: 19/19 MP: 1/1
    46 | D:1      | Reached XP level 2. HP: 21/27 MP: 2/2
   363 | D:1      | Reached skill level 3 in Axes
   499 | D:1      | Reached XP level 3. HP: 33/33 MP: 3/3
   965 | D:2      | Found a blossoming altar of Fedhas.
   979 | D:2      | Reached XP level 4. HP: 7/40 MP: 4/4
  1332 | D:2      | Reached skill level 4 in Axes
  1376 | D:2      | Found a sparkling altar of Nemelex Xobeh.
  1376 | D:2      | Noticed Jessica
  1383 | D:2      | Killed Jessica
  1774 | D:3      | Reached XP level 5. HP: 30/47 MP: 5/5
  1964 | D:4      | Found a sand-covered staircase.
  1974 | Ossuary  | Entered an ossuary
  1993 | Ossuary  | Reached skill level 5 in Axes
  2197 | Ossuary  | Reached XP level 6. HP: 44/55 MP: 6/6
  2545 | Ossuary  | Reached skill level 5 in Fighting
  2545 | Ossuary  | Reached skill level 6 in Axes
  2674 | Ossuary  | Reached XP level 7. HP: 30/61 MP: 7/7
  2724 | Ossuary  | Reached skill level 7 in Axes
  2732 | Ossuary  | Reached skill level 5 in Shields
  2915 | D:5      | Entered Level 5 of the Dungeon
  3312 | D:5      | Noticed Grinder
  3323 | D:5      | Paralysed by Grinder for 5 turns
  3336 | D:5      | Killed Grinder
  3336 | D:5      | Reached skill level 8 in Axes
  3336 | D:5      | Reached skill level 1 in Dodging
  3336 | D:5      | Reached XP level 8. HP: 28/69 MP: 8/8
  3565 | D:5      | Reached skill level 5 in Armour
  3661 | D:6      | Found a glowing silver altar of Zin.
  3661 | D:6      | Found an opulent altar of Gozag.
  3836 | D:6      | Found an iron altar of Okawaru.
  3836 | D:6      | Found a bloodstained altar of Trog.
  3853 | D:6      | Became a worshipper of Warmaster Okawaru
  4004 | D:7      | Reached skill level 9 in Axes
  4319 | D:7      | Noticed Joseph
  4322 | D:7      | Found a snail-covered altar of Cheibriados.
  4347 | D:7      | Killed Joseph
  4347 | D:7      | Reached skill level 10 in Axes
  4347 | D:7      | Reached XP level 9. HP: 29/77 MP: 9/9
  4677 | D:9      | Noticed a troll
  4696 | D:9      | Slain by a troll

Skill      XL: |  1  2  3  4  5  6  7  8 |
---------------+-------------------------+-----
Axes           | 3 4 5 6 8 10 | 10.2
Fighting       | 4 5 6 |  6.5
Shields        | 4 5 6 |  6.3
Armour         | 4 6 |  6.1
Dodging        | 1 |  1.7
Stealth        | |  0.1

Action                   |  1- 3 |  4- 6 |  7- 9 || total
-------------------------+-------+-------+-------++-------
Melee: War axe           |   109 |   163 |   222 ||   494
       Dagger            |       |       |    14 ||    14
       Hand axe          |       |       |     3 ||     3
  Use: Scroll            |     3 |     2 |    10 ||    15
       Potion            |     2 |     2 |     3 ||     7
  Eat: Bread ration      |       |     1 |       ||     1
       Chunk             |       |       |     9 ||     9
Armor: Scale mail        |    60 |    68 |    51 ||   179
       Plate armour      |       |       |    42 ||    42
       Chain mail        |       |       |    19 ||    19
Dodge: Dodged            |    32 |    60 |    75 ||   167
Block: Shield            |    54 |    79 |    98 ||   231
